 Dungeon Crawl Stone Soup version 0.19.0-19-g8c6edcc (webtiles) character file.

14118 leglesslizard the Quickloader (level 11, -9/100 HPs)
             Began as a Deep Dwarf Hunter on Nov 12, 2016.
             Shot with an arrow by Nessos (18 damage)
             ... on level 12 of the Dungeon.
             The game lasted 01:51:39 (10790 turns).

leglesslizard the Quickloader (Deep Dwarf Hunter)  Turns: 10790, Time: 01:51:43

Health: -9/100     AC: 12    Str: 31    XL:     11   Next: 84%
Magic:  9/9        EV: 13    Int: 12    God:
Gold:   639        SH:  0    Dex: 13    Spells: 0 memorised, 10 levels left

rFire  x . .     SeeInvis +     j - +0 arbalest
rCold  . . .     Gourm    .     Z - +0 scale mail
rNeg   . . .     Faith    .     (shield currently unavailable)
rPois  .         Spirit   .     p - +1 helmet {SInv}
rElec  .         Reflect  .     (no cloak)
rCorr  .         Harm     .     (no gloves)
MR     +....                    f - +0 pair of boots "Hicserch" {rF- Regen+ Str+6}
Stlth  +.........               O - amulet of Wirr {RegenMP Str+6}
                                a - ring of see invisible
                                E - ring of magical power

@: lethally poisoned (-9 -> -13), non-regenerating
A: damage resistance, recharge devices, hooves 1, sense surroundings 2, slow
regeneration 3
a: Device Recharging


You were on level 12 of the Dungeon.
You were full.

You visited 3 branches of the dungeon, and saw 14 of its levels.

You collected 639 gold pieces.

Inventory:

Hand Weapons
 b - a +4 falchion of freezing
 j - a +0 arbalest (weapon)
 o - a +2 short sword of holy wrath
Missiles
 d - 58 bolts (quivered)
 g - 6 tomahawks
 h - 296 stones
 i - 270 arrows
Armour
 f - the +0 pair of boots "Hicserch" (worn) {rF- Regen+ Str+6}
   (You found it on level 5 of the Dungeon)

   It affects your strength (+6).
   It makes you vulnerable to fire.
   It increases your rate of regeneration.
 p - a +1 helmet of see invisible (worn)
 G - a +0 helmet
 J - a +0 buckler
 Z - a +0 scale mail (worn)
Magical Staves
 A - an uncursed staff of energy
Jewellery
 a - a ring of see invisible (right hand)
 E - a ring of magical power (left hand)
 O - the amulet of Wirr (around neck) {RegenMP Str+6}
   (You acquired it on level 1 of the Lair of Beasts)

   [amulet of magic regeneration]

   It increases your magic regeneration.
   It affects your strength (+6).
Wands
 e - a wand of heal wounds (0/9)
 q - a wand of polymorph (9/24)
 C - a wand of flame (34/48)
 V - a wand of iceblast (9/15)
 X - a wand of lightning (6/15)
Scrolls
 u - 2 scrolls of fear
 F - a scroll of magic mapping
 K - 3 scrolls of teleportation
 L - a scroll of fog
 Q - 2 scrolls of identify
 R - 2 scrolls of blinking
 S - 4 scrolls of remove curse
Potions
 k - 3 potions of resistance
 r - 4 potions of lignification
 s - 2 potions of flight
 v - 2 potions of berserk rage
 z - a potion of magic
Books
 y - a book of Debilitation

   Spells                             Type                      Level
   a - Corona                         Hexes                        1
   b - Slow                           Hexes                        2
   c - Gell's Gravitas                Hexes/Translocation          3
   d - Inner Flame                    Hexes/Fire                   3
   e - Cause Fear                     Hexes                        4
   f - Leda's Liquefaction            Hexes/Earth                  4
 H - a book of Misfortune

   Spells                             Type                      Level
   a - Confusing Touch                Hexes                        1
   b - Confuse                        Hexes                        3
   c - Gell's Gravitas                Hexes/Translocation          3
   d - Petrify                        Transmutation/Earth          4
   e - Metabolic Englaciation         Hexes/Ice                    5
   f - Yara's Violent Unravelling     Hexes/Transmutation          5
Comestibles
 t - 8 slices of pizza
 x - 2 bread rations
 B - 2 meat rations


   Skills:
 + Level 7.4 Fighting
 + Level 2.5(5.0) Short Blades
 + Level 7.5(7.8) Long Blades
   Level 2.4 Polearms
   Level 3.1 Bows
 + Level 11.6 Crossbows
 + Level 1.1 Throwing
 + Level 9.1 Armour
 + Level 4.5 Dodging
 + Level 2.8 Stealth
 + Level 2.1 Shields
 + Level 6.0 Evocations


You had 10 spell levels left.
You didn't know any spells.

Dungeon Overview and Level Annotations

Branches:
Dungeon (12/15)              Lair (1/6) D:8             Orc (1/2) D:11
 Temple: D:4-7

Altars:
Ashenzari
Dithmenos
Okawaru
Ru
Trog
Uskayaw

Shops:
Orc:1 [*

Annotations:
D:12 Nessos


Innate Abilities, Weirdness & Mutations

You are resistant to damage.
You can recharge devices by infusing magical energy.
You passively map the area around you.
You do not regenerate.
You have large cloven feet.


Message History

The orc hits you but does no damage.
Firing (i - inventory. (,) - cycle):
d - 60 bolts (quivered)
Press: ? - help, Shift-Dir - straight line, f/p - Nessos
Aim: Nessos, wielding a longbow of flaming and wearing a centaur barding (heavily wounded, fast)
You shoot a bolt. The bolt hits Nessos!!
Nessos is severely wounded.
Nessos shoots an arrow.
The arrow closely misses you.
Nessos shoots an arrow.
The arrow hits you. The arrow burns you.
You are more poisoned.
The orc closely misses you.
Firing (i - inventory. (,) - cycle):
d - 59 bolts (quivered)
Press: ? - help, Shift-Dir - straight line, f/p - Nessos
Aim: Nessos, wielding a longbow of flaming and wearing a centaur barding (severely wounded, fast)
You shoot a bolt. The bolt barely misses Nessos.
You feel sick.
Nessos shoots an arrow.
The arrow hits you!
* * * LOW HITPOINT WARNING * * *
The arrow burns you!
* * * LOW HITPOINT WARNING * * *
Nessos shoots an arrow.
The arrow hits you!!
You die...

#####.......# #.. ###.......#
#.) #..†......# #..
#.........# #.. #...##+####
#.. #.†.#*,# ###
#####.#.##.##
###...........#*
#..#@#.#.#.#.#.#*****
#c..o...........,,,,,
#.#.#(#.#.#.#.#..****
**********#...(............,*
*,,,,,,....#.#.#.#.#.#.#.#.,*
**,****###................,,*
*,* #.#.#.#.#.#.#.#.#,*,* *,*
**#.........[oc....,,,**
*,****..#.#.#.#.#.#.#.#.*,*,*


You could see Nessos and an orc.

Vanquished Creatures
  A yaktaur captain (D:10)
  Erolcha (D:11)
  3 hill giants
  A cyclops (D:9)
  A centaur zombie (D:8)
  3 trolls
  Prince Ribbit (D:9)
  4 two-headed ogres
  3 hippogriffs
  A hornet (D:9)
  A yak (D:8)
  Grum (Lair:1)
  3 vampire mosquitoes (D:12)
  2 hungry ghosts (D:12)
  3 porcupines (Lair:1)
  5 water moccasins
  10 orc warriors
  3 sky beasts
  An ice beast (D:9)
  2 phantoms (D:9)
  3 wolves (Lair:1)
  7 centaurs
  9 ogres
  2 crocodiles
  6 big kobolds
  6 bullfrogs
  2 gnoll sergeants (D:11)
  A wyvern skeleton (D:9)
  A water moccasin skeleton (D:10)
  2 scorpions (D:8)
  5 killer bees (D:12)
  8 wights
  8 howler monkeys
  7 crimson imps
  2 hounds
  A centaur skeleton (D:5)
  6 orc priests
  A jelly (D:9)
  6 iguanas
  4 orc wizards
  5 worker ants
  A hound skeleton (D:10)
  Robin (D:3)
  4 gnolls (D:11)
  A howler monkey skeleton (D:8)
  A river rat (D:8)
  8 adders
  A shadow imp (D:5)
  An ooze (D:2)
  A worm (D:5)
  6 leopard geckos
  25 orcs
  2 ball pythons
  6 giant cockroaches
  19 goblins
  8 hobgoblins
  8 jackals
  9 kobolds
  3 quokkas
  16 bats
  7 frilled lizards
  A jackal skeleton (D:7)
  17 rats
  2 plants (Lair:1)
290 creatures vanquished.

Vanquished Creatures (others)
  2 plants (Lair:1)
2 creatures vanquished.

Grand Total: 292 creatures vanquished

Notes
Turn   | Place    | Note
-------+----------+-------------------------------------------
     0 | D:1      | leglesslizard the Deep Dwarf Hunter began the quest for the Orb.
     0 | D:1      | Reached XP level 1. HP: 19/19 MP: 1/1
   375 | D:1      | Reached XP level 2. HP: 26/26 MP: 2/2
   642 | D:1      | Reached skill level 5 in Crossbows
   929 | D:2      | Reached XP level 3. HP: 32/32 MP: 3/3
   984 | D:2      | Found a sacrificial altar of Ru.
   985 | D:2      | Found a shadowy altar of Dithmenos.
  1462 | D:2      | Reached skill level 1 in Armour
  2036 | D:3      | Reached XP level 4. HP: 29/39 MP: 4/4
  2414 | D:3      | Noticed Robin
  2424 | D:3      | Killed Robin
  2424 | D:3      | Reached skill level 6 in Crossbows
  3016 | D:3      | Found a bloodstained altar of Trog.
  3018 | D:3      | Reached XP level 5. HP: 45/46 MP: 5/5
  3429 | D:4      | Noticed an ogre
  3458 | D:5      | Entered Level 5 of the Dungeon
  3484 | D:5      | Gained mutation: You are robust. (+10% HP) [potion of beneficial mutation]
  3548 | D:5      | Got a pair of encrusted boots
  3554 | D:5      | Identified the +0 pair of boots "Hicserch" {rF- Regen+ Str+6} (You found it on level 5 of the Dungeon)
  3737 | D:5      | Noticed an ogre
  3750 | D:5      | Killed an ogre
  3750 | D:5      | Reached skill level 1 in Short Blades
  3750 | D:5      | Reached XP level 6. HP: 50/60 MP: 5/5
  3986 | D:5      | Reached skill level 1 in Evocations
  4079 | D:5      | Found a shattered altar of Ashenzari.
  4249 | D:5      | Reached XP level 7. HP: 53/68 MP: 6/6
  4399 | D:6      | Reached skill level 1 in Bows
  4413 | D:6      | Got an ivory trident
  4448 | D:6      | Identified the +6 trident of Qelyx {pierce, -Tele Dex-3 SInv Stlth+} (You found it on level 6 of the Dungeon)
  4633 | D:6      | Reached skill level 1 in Polearms
  4701 | D:7      | Found a hide-covered altar of Uskayaw.
  4738 | D:7      | Reached XP level 8. HP: 41/77 MP: 8/8
  5063 | D:7      | Found an iron altar of Okawaru.
  5572 | D:8      | Reached skill level 7 in Crossbows
  5754 | D:8      | Reached skill level 5 in Armour
  5955 | D:8      | Noticed a two-headed ogre
  5961 | D:8      | Killed a two-headed ogre
  5961 | D:8      | Reached skill level 8 in Crossbows
  5961 | D:8      | Gained mutation: You passively map the area around you. [Deep Dwarf growth]
  5961 | D:8      | Reached XP level 9. HP: 39/86 MP: 8/8
  6266 | D:8      | Reached skill level 5 in Fighting
  6266 | D:8      | Reached skill level 1 in Long Blades
  6266 | D:8      | Reached skill level 9 in Crossbows
  6440 | D:8      | Found a staircase to the Lair.
  6445 | D:8      | Reached skill level 1 in Shields
  6455 | Lair:1   | Entered Level 1 of the Lair of Beasts
  6526 | Lair:1   | Noticed Grum
  6535 | Lair:1   | Killed Grum
  6907 | Lair:1   | Reached skill level 10 in Crossbows
  6940 | Lair:1   | Reached XP level 10. HP: 57/96 MP: 8/8
  6965 | Lair:1   | Identified a scroll of acquirement
  6966 | Lair:1   | Got a wavering amethyst amulet
  6968 | Lair:1   | Identified the amulet of Wirr {RegenMP Str+6} (You acquired it on level 1 of the Lair of Beasts)
  7478 | D:9      | Noticed a cyclops
  7509 | D:9      | Killed a cyclops
  7542 | D:9      | Noticed Prince Ribbit
  7556 | D:9      | Killed Prince Ribbit
  7595 | D:9      | Reached skill level 5 in Long Blades
  7698 | D:9      | Paralysed by a hornet for 2 turns
  8075 | D:9      | Found a runed door.
  8464 | D:10     | Entered Level 10 of the Dungeon
  8524 | D:10     | Noticed a hill giant
  8543 | D:9      | Killed a hill giant
  8746 | D:10     | Reached XP level 11. HP: 71/108 MP: 4/4
  8793 | D:10     | Noticed a yaktaur captain
  8815 | D:10     | Killed a yaktaur captain
  8815 | D:10     | Reached skill level 1 in Throwing
  9133 | D:10     | Reached skill level 5 in Evocations
  9551 | D:11     | Got a crude ring mail
  9660 | D:11     | Found a staircase to the Orcish Mines.
  9671 | D:11     | Noticed Erolcha
  9684 | D:11     | Killed Erolcha
  9941 | Orc:1    | Entered Level 1 of the Orcish Mines
  9941 | Orc:1    | Found Duoroz's Armour Shoppe.
  9941 | Orc:1    | Found Beps's General Store.
  9982 | D:11     | Reached skill level 11 in Crossbows
  9999 | Orc:1    | Noticed an orc warlord
 10517 | D:12     | Noticed a hill giant
 10522 | D:12     | Killed a hill giant
 10586 | D:12     | Noticed a hill giant
 10598 | D:12     | Killed a hill giant
 10717 | D:12     | Lost mutation: You are robust. (+10% HP) [potion of cure mutation]
 10719 | D:12     | Gained mutation: You have large cloven feet. [potion of beneficial mutation]
 10778 | D:12     | Noticed Nessos
 10790 | D:12     | Shot with an arrow by Nessos

Skill      XL: |  1  2  3  4  5  6  7  8  9 10 11 |
---------------+----------------------------------+-----
Crossbows      | 5 6 8 10 11 | 11.6
Fighting       | 2 3 4 5 6 7 |  7.4
Armour         | 1 2 4 5 6 8 9 |  9.1
Short Blades   | 1 2 |  2.5
Evocations     | 1 2 3 4 6 |  6.0
Bows           | 2 3 |  3.1
Polearms       | 2 |  2.4
Dodging        | 3 4 |  4.5
Long Blades    | 3 7 |  7.5
Shields        | 1 2 |  2.1
Throwing       | 1 |  1.1
Stealth        | 2 |  2.8

Action                   |  1- 3 |  4- 6 |  7- 9 | 10-12 || total
-------------------------+-------+-------+-------+-------++-------
Melee: Short sword       |       |   122 |       |       ||   122
       Trident           |       |       |    60 |       ||    60
       Falchion          |       |       |    82 |   287 ||   369
       Mace              |       |       |       |     6 ||     6
 Fire: Hand crossbow     |    94 |    69 |   159 |       ||   322
       Shortbow          |       |    27 |    77 |       ||   104
       Arbalest          |       |       |       |   225 ||   225
Throw: Stone             |       |    13 |       |       ||    13
       Tomahawk          |       |       |       |    12 ||    12
 Abil: Device Recharging |       |     1 |     3 |    11 ||    15
Evoke: Wand              |       |     6 |    16 |    56 ||    78
  Use: Scroll            |     6 |     5 |     3 |    14 ||    28
       Potion            |       |     7 |     4 |    10 ||    21
  Eat: Bread ration      |     1 |     2 |       |     1 ||     4
       Royal jelly       |       |     1 |       |       ||     1
       Pizza             |       |     1 |       |       ||     1
       Fruit             |       |       |     5 |     4 ||     9
       Beef jerky        |       |       |       |     2 ||     2
       Meat ration       |       |       |       |     1 ||     1
Armor: Leather armour    |    13 |       |       |       ||    13
       Plate armour      |     5 |   106 |    60 |    91 ||   262
       Chain mail        |       |    29 |    82 |       ||   111
       Scale mail        |       |       |       |   110 ||   110
Dodge: Dodged            |    39 |    59 |   111 |   269 ||   478
Block: Buckler           |       |    11 |    27 |    34 ||    72
       Rpst.: Falchion   |       |       |     6 |    27 ||    33
